 Dungeon Crawl Stone Soup version 0.31-a0-214-gb37851dbb3 (webtiles) character file.

Game seed: 12219164501047741975

1963 qw the Skirmisher (level 9, -6/55 HPs)
             Began as a Gargoyle Hexslinger on July 1, 2023.
             Mangled by a two-headed ogre
             ... wielding a +0 giant spiked club
              (11 damage)
             ... on level 9 of the Dungeon.
             The game lasted 00:02:43 (5060 turns).

qw the Skirmisher (Gargoyle Hexslinger)             Turns: 5060, Time: 00:02:43

Health: -6/55      AC: 12    Str: 13    XL:     9   Next: 19%
Magic:  10/10      EV: 12    Int: 13    God:
Gold:   317        SH:  0    Dex: 16    Spells: 9/10 levels left

rFire   + . .        j - +0 orcbow
rCold   + . .        (shield currently unavailable)
rNeg    + + +        i - +1 leather armour of the Ecumenical Temple {rF+ rN+}
rPois   inf          b - +0 helmet
rElec   +            (no cloak)
rCorr   .            (no gloves)
SInv    .            e - +0 pair of boots
Will    .....        (no amulet)
Stlth   +            p - ring of protection from cold
HPRegen 0.29/turn    k - ring of positive energy
MPRegen 0.12/turn

%: no passive effects
@: no status effects
A: sickness immunity, AC +6, negative energy resistance 1, electricity
resistance, torment resistance 1, petrification resistance
a: no special abilities


You were on level 9 of the Dungeon.
You visited 1 branch of the dungeon, and saw 7 of its levels.
You also visited: Sewer.

You collected 317 gold pieces.


Innate Abilities, Weirdness & Mutations

You are immune to sickness and miasma.
Your stone body is resilient. (AC +6)
You are immune to poison.
You resist negative energy. (rN+)
You are resistant to electric shocks. (rElec)
You are resistant to unholy torment.
You are immune to petrification.


   Skills:
 - Level 6.0 Fighting
 - Level 10.0 Ranged Weapons
 - Level 2.1 Armour
 + Level 2.6 Dodging
 - Level 1.0 Spellcasting
 - Level 2.6 Hexes


You had 9 spell levels left.
You knew the following spells:

 Your Spells              Type           Power      Damage    Failure   Level
a - Slow                  Hex            28%        N/A       12%         1

Your spell library contained the following spells:

 Spells                   Type           Power      Damage    Failure   Level
 Inner Flame              Hex/Fire       4%         N/A       52%         3
 Portal Projectile        Hex/Tloc       8%         N/A       52%         3
 Cause Fear               Hex            3%         N/A       75%         4

Inventory:

Hand Weapons
 j - a +0 orcbow (weapon)
Armour
 b - a +0 helmet (worn)
 c - +0 steam dragon scales
 e - a +0 pair of boots (worn)
 i - the +1 leather armour of the Ecumenical Temple (worn) {rF+ rN+}
   (You found it on level 4 of the Dungeon)

   rF:        It protects you from fire.
   rN:        It protects you from negative energy.
Jewellery
 d - a ring of ice
 g - a ring of positive energy
 k - a ring of positive energy (right hand)
 p - a ring of protection from cold (left hand)
Scrolls
 a - 2 scrolls of identify
 m - a scroll of teleportation
Potions
 f - a potion of enlightenment
 h - 2 potions of haste
 l - 2 potions of mutation
 n - a potion of resistance {unknown}
 o - 7 potions of curing
 q - a potion of heal wounds

Dungeon Overview and Level Annotations

Branches:
Dungeon (9/15)             Temple (0/1) D:6           Sewer (visited)
   Lair: D:8-11         Orc: D:9-12

Altars:
Cheibriados
Elyvilon
Nemelex Xobeh
Vehumet

Shops:
D:2 =

Annotations:
D:6 1 transporter


Message History

The vampire mosquito barely misses you.
The vampire mosquito completely misses you.
You shoot an arrow.
The arrow closely misses the vampire mosquito. x2
You hear two shouts!
A two-headed ogre comes into view.
It is wielding a +0 giant spiked club and a +0 dire flail.
You shoot an arrow. The arrow misses the vampire mosquito.
The vampire mosquito bites you! The vampire mosquito barely misses you.
The vampire mosquito bites you but does no damage.
The vampire mosquito completely misses you.
An orc priest comes into view. It is wielding a +0 trident.
You shoot an arrow.
The arrow closely misses the vampire mosquito.
The vampire mosquito closely misses you.
The vampire mosquito bites you but does no damage. x2
The vampire mosquito bites you!
You shoot an arrow. The arrow hits the vampire mosquito!
The vampire mosquito is almost destroyed.
The vampire mosquito bites you but does no damage.
The vampire mosquito closely misses you.
The vampire mosquito bites you but does no damage.
The vampire mosquito bites you.
You shoot an arrow. The arrow hits the vampire mosquito.
You destroy the vampire mosquito!
The vampire mosquito barely misses you. The vampire mosquito bites you.
You shoot an arrow.
The arrow barely misses the vampire mosquito.
The vampire mosquito bites you. The vampire mosquito barely misses you.
You shoot an arrow.
The arrow closely misses the vampire mosquito.
The arrow hits the two-headed ogre.
The two-headed ogre is lightly wounded.
The vampire mosquito closely misses you.
The vampire mosquito bites you! The orc priest barely misses you.
You shoot an arrow. The arrow hits the two-headed ogre!
The two-headed ogre is lightly wounded.
The vampire mosquito closely misses you.
The two-headed ogre hits you with a +0 giant spiked club!
The two-headed ogre hits you with a +0 dire flail!
You die...

## ###. # ###... #
#.... # #..o ###
##Oy### ####..
#..@..#########.....
#...................
#8..................
#####...........####
#############


You could see a two-headed ogre, a vampire mosquito and an orc priest.

Vanquished Creatures
  A wyvern (D:9)
  A steam dragon (D:5)
  A vampire mosquito (D:9)
  Menkaure (D:5)
  A sky beast (D:5)
  A centaur (D:5)
  2 phantoms (D:6)
  2 kobold brigands
  Blork the orc (D:6)
  A bullfrog (D:5)
  3 scorpions
  A howler monkey (D:5)
  An electric eel (D:6)
  A crimson imp (D:4)
  A jelly (D:6)
  A gnoll bouda (D:6)
  3 iguanas
  6 orc wizards
  5 gnolls
  8 adders
  2 shadow imps
  2 white imps
  An ufetubus (D:5)
  7 worms
  2 dart slugs
  17 orcs
  6 endoplasms
  5 giant cockroaches
  19 goblins
  15 hobgoblins
  2 quokkas
  7 ball pythons
  2 bats (D:1)
  7 frilled lizards
  12 kobolds
  8 rats
156 creatures vanquished.

Notes
Turn   | Place    | Note
-------+----------+-------------------------------------------
     0 | D:1      | qw the Gargoyle Hexslinger began the quest for the Orb.
     0 | D:1      | Reached XP level 1. HP: 12/12 MP: 2/2
     0 | D:1      | 0 ||| qw: Version: 0.3-a-32-g5962c71
     0 | D:1      | 0 ||| qw: Game counter: 7452
     0 | D:1      | 0 ||| qw: Melee chars always use a shield: true
     0 | D:1      | 0 ||| qw: God list: Okawaru
     0 | D:1      | 0 ||| qw: Allow faded altars: false
     0 | D:1      | 0 ||| qw: Do Orc after clearing Dungeon:15 true
     0 | D:1      | 0 ||| qw: Do second Lair branch before Depths: true
     0 | D:1      | 0 ||| qw: Lair rune preference: random
     0 | D:1      | 0 ||| qw: Goals: Normal
     0 | D:1      | 0 ||| PLANNING D:1-11
   164 | D:1      | Reached XP level 2. HP: 13/16 MP: 3/3
   212 | D:1      | Reached skill level 3 in Ranged Weapons
   408 | D:1      | Reached XP level 3. HP: 21/21 MP: 4/4
   502 | D:1      | 502 ||| UPGRADING to +0 ring mail.
   512 | D:1      | 512 ||| DROPPING +0 robe.
   513 | D:1      | 513 ||| UPGRADING to ring of positive energy.
   514 | D:1      | 514 ||| UPGRADING to ring of positive energy.
   515 | D:1      | 515 ||| READING 2 scrolls labelled XERIPT RETE.
   516 | D:1      | 516 ||| READING scroll labelled YTOTWA XAAPTOW.
   517 | D:1      | 517 ||| READING scroll labelled ELISHR COADADOW.
   518 | D:1      | 518 ||| READING scroll labelled JENGUF DORU.
   522 | D:1      | 522 ||| READING scroll labelled FONEERAIHE.
   523 | D:1      | 523 ||| DRINKING 2 orange potions.
   524 | D:1      | 524 ||| DRINKING 3 coppery potions.
   629 | D:1      | 629 ||| DROPPING scroll of poison.
   630 | D:1      | 630 ||| DROPPING 2 potions of berserk rage.
   656 | D:2      | Found a faded altar of an unknown god.
   699 | D:2      | Found a radiant altar of Vehumet.
   753 | D:2      | Found Huruaprosmu's Jewellery Boutique.
   758 | D:2      | 758 ||| SHOPLISTING +5 ring of evasion (504 gold, have 74).
   758 | D:2      | 758 ||| SHOPLISTING ring of fire (350 gold, have 74).
   758 | D:2      | 758 ||| SHOPLISTING ring of protection from cold (350 gold,
                  | have 74).
  1212 | D:2      | 1212 ||| UPGRADING to +0 helmet.
  1217 | D:2      | 1217 ||| DROPPING scarf of invisibility.
  1218 | D:2      | 1218 ||| READING scroll labelled EPHAAW PALEQI.
  1219 | D:2      | 1219 ||| DRINKING 6 sedimented emerald potions.
  1220 | D:2      | 1220 ||| READING 2 scrolls of identify.
  1220 | D:2      | 1220 ||| IDENTIFYING fuming red potion
  1398 | D:3      | Reached skill level 1 in Armour
  1590 | D:3      | Reached XP level 4. HP: 26/26 MP: 5/5
  1666 | D:3      | 1666 ||| READING scroll labelled NYPHEUWAS.
  1693 | D:4      | Identified the +1 leather armour of the Ecumenical Temple
                  | {rF+ rN+}
  1792 | D:4      | Reached skill level 4 in Ranged Weapons
  2126 | D:4      | Reached XP level 5. HP: 30/30 MP: 6/6
  2246 | D:4      | Reached skill level 5 in Ranged Weapons
  2706 | D:4      | Found a white marble altar of Elyvilon.
  2857 | D:4      | 2857 ||| UPGRADING to +1 leather armour of the Ecumenical
                  | Temple {rF+ rN+}.
  2867 | D:4      | 2867 ||| REMOVING ring of positive energy.
  2868 | D:4      | 2868 ||| DROPPING +0 ring mail.
  2869 | D:4      | 2869 ||| READING scroll labelled ROCVUG UBBEDAO.
  2870 | D:4      | 2870 ||| READING 2 scrolls of identify.
  2870 | D:4      | 2870 ||| IDENTIFYING sapphire potion
  2871 | D:4      | 2871 ||| DROPPING potion of brilliance.
  2885 | D:5      | Entered Level 5 of the Dungeon
  2921 | D:5      | Noticed Menkaure
  2925 | D:5      | Reached skill level 3 in Fighting
  2929 | D:5      | 2929 ||| DRINKING 9 potions of curing.
  2929 | D:5      | 2929 ||| (to cure confusion)
  2931 | D:5      | Killed Menkaure
  2932 | D:5      | Reached XP level 6. HP: 33/37 MP: 7/7
  2941 | D:5      | Reached skill level 6 in Ranged Weapons
  2950 | D:5      | 2950 ||| Stepping ~*~*~tactically~*~*~ (outnumbered).
  2954 | D:5      | 2954 ||| DRINKING 8 potions of curing.
  2954 | D:5      | 2954 ||| (to cure confusion)
  3101 | D:5      | 3101 ||| Stepping ~*~*~tactically~*~*~ (outnumbered).
  3111 | D:5      | Reached XP level 7. HP: 41/44 MP: 8/8
  3151 | D:5      | 3151 ||| SWAPPING to +0 orcbow.
  3152 | D:5      | 3152 ||| DROPPING +2 sling.
  3441 | D:5      | Reached skill level 7 in Ranged Weapons
  3767 | D:5      | 3767 ||| UPGRADING to +0 pair of boots.
  3772 | D:5      | 3772 ||| UPGRADING to ring of protection from cold.
  3773 | D:5      | 3773 ||| READING 3 scrolls of identify.
  3773 | D:5      | 3773 ||| IDENTIFYING red potion
  3774 | D:5      | 3774 ||| READING 2 scrolls of identify.
  3774 | D:5      | 3774 ||| IDENTIFYING glowing red potion
  3810 | D:6      | Noticed a steam dragon
  3811 | D:6      | 3811 ||| PLANNING SEWER
  3814 | D:6      | 3814 ||| STAIRDANCE
  3817 | D:5      | HP: 5/44 [steam dragon (8)]
  3818 | D:5      | 3818 ||| DRINKING 2 potions of heal wounds.
  3822 | D:5      | Killed a steam dragon
  3823 | D:5      | Reached XP level 8. HP: 17/48 MP: 9/9
  3824 | D:5      | HP: 11/48 [bullfrog (6)]
  3825 | D:5      | 3825 ||| DRINKING potion of heal wounds.
  3833 | D:5      | Reached skill level 8 in Ranged Weapons
  3939 | D:6      | Found a glowing drain.
  3940 | D:6      | 3940 ||| READING 2 scrolls of identify.
  3940 | D:6      | 3940 ||| IDENTIFYING purple potion
  3941 | D:6      | 3941 ||| DROPPING potion of lignification.
  3950 | Sewer    | Entered a sewer
  3970 | Sewer    | 3970 ||| Stepping ~*~*~tactically~*~*~ (water).
  3981 | Sewer    | 3981 ||| Stepping ~*~*~tactically~*~*~ (water).
  3984 | Sewer    | 3984 ||| Stepping ~*~*~tactically~*~*~ (water).
  4047 | Sewer    | 4047 ||| Stepping ~*~*~tactically~*~*~ (water).
  4049 | Sewer    | 4049 ||| Stepping ~*~*~tactically~*~*~ (water).
  4101 | Sewer    | 4101 ||| Stepping ~*~*~tactically~*~*~ (water).
  4152 | Sewer    | 4152 ||| Stepping ~*~*~tactically~*~*~ (water).
  4275 | Sewer    | 4275 ||| DRINKING 2 green potions.
  4276 | Sewer    | 4276 ||| DROPPING potion of invisibility.
  4288 | D:6      | 4288 ||| PLANNING D:1-11
  4336 | D:6      | Found a sparkling altar of Nemelex Xobeh.
  4336 | D:6      | Found a transporter.
  4337 | D:6      | Noticed a yak
  4349 | D:6      | Noticed Blork the orc
  4361 | D:6      | Killed Blork the orc
  4494 | D:6      | Reached skill level 9 in Ranged Weapons
  4673 | D:6      | Reached skill level 6 in Fighting
  4716 | D:6      | Found a snail-covered altar of Cheibriados.
  4838 | D:6      | Found a staircase to the Ecumenical Temple.
  4839 | D:6      | 4839 ||| PLANNING TEMPLE
  4840 | D:6      | You fall into a shaft and drop 3 floors!
  4852 | D:9      | Noticed a wyvern
  4863 | D:9      | Killed a wyvern
  4864 | D:9      | Reached XP level 9. HP: 36/55 MP: 10/10
  4949 | D:9      | Reached skill level 10 in Ranged Weapons
  5053 | D:9      | Noticed a two-headed ogre
  5060 | D:9      | HP: 5/55 [two-headed ogre/+0 giant spiked club (13)]
  5060 | D:9      | Mangled by a two-headed ogre

Levels and vault maps discovered:
D:1:      nzn_arrival_depleted_hourglass, layout_basic
D:2:      layout_basic, shapermc_ecumenical_altar_gd, serial_shops,
          nicolae_shop_tiny_waterfront, basic_altar
D:3:      layout_basic
D:4:      corexii_shantytown, layout_basic, elyvilon_altar_1,
          minmay_fire_ice_demons
D:5:      layout_basic, uniq_menkaure
D:6:      corexii_shack_village, layout_cave_pools, marbit_many_paths,
          grunt_nemelex_the_gamble, minmay_temple_entry_large_hall,
          cheibrodos_sewer_entry_drain, st_stairs_11, hangedman_decor_push,
          lightli_minifort, uniq_blork_the_orc
D:9:      kennysheep_spiral_hall, layout_stronghold,
          mainiacjoe_overflow_concentric_impassable, serial_glass,
          glass_columns_c, glass_columns_a, due_unseen_surprise

Skill      XL: |  1  2  3  4  5  6  7  8  9 |
---------------+----------------------------+-----
Ranged Weapons | 3 4 5 6 7 9 10 | 10.0
Fighting       | 2 3 4 6 |  6.0
Armour         | 1 2 |  2.1
Dodging        | 2 |  2.6
Spellcasting   | |  1.0
Hexes          | |  2.6

Action                     |  1- 3 |  4- 6 |  7- 9 || total
---------------------------+-------+-------+-------++-------
   Fire: Sling             |   131 |   228 |     5 ||   364
         Orcbow            |       |       |   314 ||   314
    Use: Scroll            |     7 |     3 |     3 ||    13
         Potion            |     3 |     2 |     3 ||     8
 Armour: Robe              |     2 |       |       ||     2
         Ring mail         |    26 |    52 |       ||    78
         Leather armour    |       |    53 |    97 ||   150
  Dodge: Dodged            |    16 |    91 |   128 ||   235

Table legend:
 A = Non-vault XP
 B = Vault XP
 C = Vault XP percentage of total XP
 D = Non-vault monster count
 E = Vault monster count
 F = Vault count percentage of total count
                 A         B        C        D         E       F
            +---------+---------+-------+---------+---------+-------
      Total |    2042 |     763 |  27.2 |      91 |      65 |  41.7
            +---------+---------+-------+---------+---------+-------
        D:1 |      35 |       0 |   0.0 |      22 |       0 |   0.0
        D:2 |      19 |       0 |   0.0 |       8 |       0 |   0.0
        D:3 |      39 |       0 |   0.0 |      16 |       0 |   0.0
        D:4 |      11 |     142 |  92.8 |       6 |      28 |  82.4
        D:5 |     889 |     169 |  16.0 |      18 |       1 |   5.3
        D:6 |     550 |     156 |  22.1 |      14 |      15 |  51.7
        D:9 |     499 |     100 |  16.7 |       7 |       1 |  12.5
      Sewer |       0 |     196 | 100.0 |       0 |      20 | 100.0
            +---------+---------+-------+---------+---------+-------
